 Dungeon Crawl Stone Soup version 0.30-b1-2-g02819fbbbe (webtiles) character file.

Game seed: 10133890054398997307

226318 Fartwhistle the Marksgnoll (level 19, -1/151 HPs)
             Began as a Gnoll Hunter on Sept 15, 2023.
             Was the Champion of the Shining One.
             Succumbed to a deep elf annihilator's poison arrow
             ... on level 3 of the Elven Halls.
             The game lasted 02:02:29 (42746 turns).

Fartwhistle the Marksgnoll (Gnoll Hunter)          Turns: 42746, Time: 02:02:30

Health: -1/151     AC: 25    Str: 17    XL:     19   Next: 35%
Magic:  36/36      EV: 17    Int: 17    God:    the Shining One [******]
Gold:   1165       SH:  9    Dex: 19    Spells: 18/44 levels left

rFire   . . .        a - +5 arbalest (flame)
rCold   + + .        (shield currently unavailable)
rNeg    + + +        N - +4 pearl dragon scales
rPois   .            (no helmet)
rElec   +            m - +0 cloak
rCorr   .            u - +0 pair of gloves
SInv    .            f - +1 pair of boots
Will    ++...        l - amulet "Wuatydej" {Reflect rN+ SH+5}
Stlth   ++           g - ring "Guckiqac" {rElec rC+ rN+ Str+6 Slay+2}
HPRegen 0.45/turn    y - ring of Luq Qyj {Will+ Int+4}
MPRegen 0.25/turn

%: reflection
@: lethally poisoned (-1 -> -21), about to teleport, hasted, glowing, unable to
drink, very quick
A: fangs 1, strong nose, distributed training, claws 1, large bone plates 1,
cold resistance 1, evolution 1, inability to drink after injury 1
}: 1/15 runes: decaying
a: Renounce Religion, Divine Shield, Cleansing Flame, Summon Divine Warrior,
Brand Weapon With Holy Wrath


You were on level 3 of the Elven Halls.
You worshipped the Shining One.
The Shining One was exalted by your worship.
You visited 6 branches of the dungeon, and saw 30 of its levels.
You visited the Abyss 1 time.
You also visited: Bailey.

You collected 5926 gold pieces.
You spent 4761 gold pieces at shops.

Inventory:

Hand Weapons
 a - a +5 arbalest of flaming (weapon)
 V - the +11 whip "Nisar" {freeze, Str+4}
   (You found it on level 14 of the Dungeon)

   Str:       It affects your strength (+4).
Missiles
 E - 15 curare-tipped darts
 P - 10 atropa-tipped darts
 T - a throwing net
Armour
 f - a +1 pair of boots (worn)
 m - a +0 cloak (worn)
 u - a +0 pair of gloves (worn)
 x - a +2 robe of resistance
 N - +4 pearl dragon scales (worn)
Jewellery
 e - a +4 ring of protection
 g - the ring "Guckiqac" (left hand) {rElec rC+ rN+ Str+6 Slay+2}
   (You bought it in a shop on level 2 of the Elven Halls)

   [ring of strength]

   Str:       It affects your strength (+6).
   Slay:      It affects your accuracy & damage with ranged weapons and melee
   (+2).
   rC:        It protects you from cold.
   rElec:     It insulates you from electricity.
   rN:        It protects you from negative energy.
 l - the amulet "Wuatydej" (around neck) {Reflect rN+ SH+5}
   (You bought it in a shop on level 2 of the Elven Halls)

   [amulet of reflection]

   It reflects blocked missile attacks.
   rN:        It protects you from negative energy.
   SH:        It affects your SH (+5).
 q - a ring of protection from fire
 y - the ring of Luq Qyj (right hand) {Will+ Int+4}
   (You found it on level 4 of the Swamp)

   [ring of willpower]

   Int:       It affects your intelligence (+4).
   Will:      It increases your willpower.
 G - a +6 ring of dexterity
 Q - a ring of flight
 S - a ring of resist corrosion
Wands
 c - a wand of light (22)
 v - a wand of digging (8)
 B - a wand of flame (66)
 J - a wand of paralysis (22)
 K - a wand of polymorph (31)
 M - a wand of roots (21)
 Y - a wand of mindburst (15)
Scrolls
 b - 5 scrolls of immolation
 k - 8 scrolls of teleportation
 o - a scroll of amnesia
 t - 6 scrolls of fog
 D - 3 scrolls of fear
 F - 6 scrolls of vulnerability
 H - a scroll of butterflies
 I - 2 scrolls of enchant armour
 O - 5 scrolls of poison
 U - 7 scrolls of magic mapping
Potions
 d - 3 potions of curing
 i - 3 potions of magic
 j - 7 potions of brilliance
 n - 3 potions of ambrosia
 p - 4 potions of mutation
 r - 11 potions of flight
 w - a potion of might
 z - 6 potions of haste
 A - a potion of cancellation
 C - 2 potions of resistance
 R - 2 potions of invisibility
 Z - 2 potions of berserk rage
Miscellaneous
 s - a condenser vane
 L - a box of beasts


   Skills:
 + Level 13.9 Fighting
 + Level 13.2 Short Blades
 + Level 13.2 Long Blades
 + Level 13.2 Axes
 + Level 13.2 Maces & Flails
 + Level 13.2 Polearms
 + Level 13.2 Staves
 + Level 15.4 Ranged Weapons
 + Level 13.2 Throwing
 + Level 13.2 Armour
 + Level 13.9 Dodging
 + Level 13.4 Stealth
 + Level 13.2 Shields
 + Level 13.2 Unarmed Combat
 + Level 13.2 Spellcasting
 + Level 11.2 Conjurations
 + Level 11.2 Hexes
 + Level 11.2 Summonings
 + Level 11.2 Necromancy
 + Level 11.2 Translocations
 + Level 11.2 Transmutations
 + Level 11.2 Fire Magic
 + Level 11.2 Ice Magic
 + Level 11.2 Air Magic
 + Level 11.2 Earth Magic
 + Level 11.2 Poison Magic
 + Level 14.3 Invocations
 + Level 13.2 Evocations


You had 18 spell levels left.
You knew the following spells:

 Your Spells              Type           Power      Damage    Failure   Level
a - Blink                 Tloc           98%        N/A       1%          2
c - Tukima's Dance        Hex            49%        N/A       1%          3
d - Sticky Flame          Conj/Fire      49%        2d7       1%          4
e - Summon Forest         Summ/Tloc      24%        N/A       4%          5
f - Summon Cactus Giant   Summ           24%        N/A       28%         6
g - Eringya's Noxious Bo  Tmut/Pois      24%        N/A       28%         6

Your spell library contained the following spells:

 Spells                   Type           Power      Damage    Failure   Level
 Beastly Appendage        Tmut           98%        N/A       1%          1
 Kiss of Death            Conj/Necr      100%       2d13      1%          1
 Cigotuvi's Dreadful Rot  Necr/Pois/Air  98%        N/A       1%          2
 Ensorcelled Hibernation  Hex/Ice        98%        N/A       1%          2
 Lesser Beckoning         Tloc           98%        N/A       1%          2
 Momentum Strike          Conj/Tloc      98%        3d10      1%          2
 Static Discharge         Conj/Air       98%        2-7/arc   1%          2
 Sublimation of Blood     Necr           49%        N/A       1%          2
 Wereblood                Tmut           49%        N/A       1%          2
 Confusing Touch          Hex            49%        N/A       1%          3
 Gell's Gravitas          Tloc           49%        N/A       1%          3
 Ignite Poison            Fire/Tmut/Pois 49%        N/A       1%          3
 Inner Flame              Hex/Fire       49%        N/A       1%          3
 Portal Projectile        Hex/Tloc       98%        N/A       1%          3
 Spider Form              Tmut/Pois      49%        N/A       1%          3
 Stone Arrow              Conj/Erth      98%        3d13      1%          3
 Teleport Other           Tloc           49%        N/A       1%          3
 Vampiric Draining        Necr           49%        2d9       1%          3
 Vhi's Electric Charge    Tloc/Air       98%        N/A       1%          3
 Anguish                  Hex/Necr       24%        N/A       1%          4
 Animate Armour           Summ/Erth      98%        N/A       1%          4
 Dispel Undead            Necr           49%        3d18      1%          4
 Flame Wave               Conj/Fire      49%        2d12      1%          4
 Manifold Assault         Tloc           49%        N/A       1%          4
 Petrify                  Tmut/Erth      49%        N/A       1%          4
 Arcjolt                  Conj/Air       24%        1d34      4%          5
 Blade Hands              Tmut           24%        N/A       4%          5
 Irradiate                Conj/Tmut      24%        3d19      4%          5
 Summon Mana Viper        Hex/Summ       49%        N/A       4%          5
 Yara's Violent Unravell  Hex/Tmut       24%        3d11      4%          5
 Conjure Ball Lightning   Conj/Air       24%        3x3d7     28%         6
 Death Channel            Necr           24%        N/A       28%         6
 Dispersal                Tloc           24%        N/A       28%         6
 Iron Shot                Conj/Erth      24%        9d5       28%         6
 Enfeeble                 Hex            24%        N/A       83%         7
 Malign Gateway           Summ/Tloc      24%        N/A       83%         7
 Summon Hydra             Summ           24%        N/A       83%         7
 Discord                  Hex            24%        N/A       100%        8
 Disjunction              Tloc           24%        N/A       100%        8
 Ignition                 Fire           24%        3d8       100%        8
 Lehudib's Crystal Spear  Conj/Erth      24%        10d7      100%        8
 Maxwell's Capacitive Co  Air            24%        ∞         100%        8


Dungeon Overview and Level Annotations

Branches:
Dungeon (15/15)            Temple (1/1) D:5            Lair (5/5) D:10
  Swamp (4/4) Lair:2        Snake (0/4) Lair:3        Slime (0/5) Lair:4
    Orc (2/2) D:11            Elf (3/3) Orc:2        Vaults (0/5) D:14
 Depths (0/4) D:15         Bailey (visited)

Altars:
Ashenzari
Cheibriados
Dithmenos
Elyvilon
Fedhas
Gozag
Hepliaklqana
Kikubaaqudgha
Makhleb
Nemelex Xobeh
Okawaru
Qazlal
Ru
Sif Muna
Trog
Uskayaw
Vehumet
Wu Jian
Xom
Yredelemnul
Zin
The Shining One

Shops:
Orc:2 [*(=   Elf:1 =:=   Elf:2 *?=(=   Elf:3 (*:[

Annotations:
D:4 exclusion: black bear
D:10 2 transporters, TrebMcFLY's ghost, journeyman TrGl
D:13 exclusion: door
Swamp:1 exclusion: downstairs


Innate Abilities, Weirdness & Mutations

You have very sharp teeth.
Your uncanny sense of smell can sniff out nearby items.
Your experience applies equally to all skills.
You have sharp fingernails.
You are partially covered in large bone plates. (SH +4)
Your flesh is cold resistant. (rC+)
You have hidden genetic potential.
You occasionally lose the ability to drink potions when taking damage.


Message History

The bolt burns the deep elf annihilator.
The deep elf annihilator is moderately wounded.
You feel sick.
Fire: a) +5 arbalest (flame)
Press: ? - help, Q - select action, (/) - cycle Shift-Dir - straight line, f/p - deep elf annihilator
Aim: a deep elf annihilator, wielding a +0 long sword and wearing a +0 leather armour (moderately wounded, haloed, 79% to hit)
You shoot a bolt.
The bolt hits the deep elf annihilator!!
The bolt burns the deep elf annihilator.
The deep elf annihilator is severely wounded.
You feel sick.
Fire: a) +5 arbalest (flame)
Press: ? - help, Q - select action, (/) - cycle Shift-Dir - straight line, f/p - deep elf annihilator
Aim: a deep elf annihilator, wielding a +0 long sword and wearing a +0 leather armour (severely wounded, haloed, 79% to hit)
You shoot a bolt.
The bolt hits the deep elf annihilator but does no damage.
The deep elf annihilator is severely wounded.
You feel sick.
Fire: a) +5 arbalest (flame)
Press: ? - help, Q - select action, (/) - cycle Shift-Dir - straight line, f/p - deep elf annihilator
Aim: a deep elf annihilator, wielding a +0 long sword and wearing a +0 leather armour (severely wounded, haloed, 79% to hit)
You shoot a bolt.
The bolt closely misses the deep elf annihilator.
You feel sick.
The deep elf annihilator casts a spell at you.
The poison arrow hits you!!
You are more poisoned.
You feel threatened and lose the ability to drink potions!
* * * LOW HITPOINT WARNING * * *
You cannot drink potions in your current state!
Unknown command.
Okay, then.
As you read the scroll of teleportation, it crumbles to dust.
You feel strangely unstable.
* * * LOW HITPOINT WARNING * * *
You feel very sick.
Blink to where?
Press: ? - help, Dir - move target, p - deep elf annihilator
As you read the scroll of blinking, it crumbles to dust.
You die...

∆∆∆∆∆∆∆∆ #..####..#
##....#.... ∆∆∆∆∆∆∆∆ #.##
#..# ##.......... ∆∆∆∆∆∆∆∆
#..####..###...........
#..#......##...........
#..'.......'?..........
#.....##..##.........).
######.#.).##..###..........
#.....##.')##..# ##.....#...
####.......@#..# ##'......#
#........#..#####..#....#
#........).........#....#
#........#)........)....#
#........###.......'....#
#........# #..#.###...[..
##.......# #..### ###...#
###§'...### #..# #...... #
####.e..#..#####..# #......


There were no monsters in sight!

Vanquished Creatures
  A tentacled monstrosity (Swamp:1)
  2 thorn hunters
  Kirke (D:15)
  The ghost of Reucirus the Thaumaturge, an adept GnSk of Makhleb (Swamp:4)
  2 deep elf sorcerers (Elf:3)
  A fire giant (D:15)
  2 deep elf elementalists (Elf:3)
  Louise (Swamp:1)
  An orc warlord (Orc:2)
  6 eleionomae
  4 deep elf demonologists (Elf:3)
  2 deep elf annihilators (Elf:3)
  4 bunyips
  4 deep elf death magi
  2 shambling mangroves (Swamp:4)
  2 deep elf high priests
  Josephine (D:10)
  A spriggan air mage (Swamp:4)
  Fannar (Lair:1)
  Erica (D:10)
  4 ghost crabs
  23 hydras
  4 boulder beetles
  13 alligators
  6 centaur warriors
  4 two-headed ogres
  7 death yaks
  28 dancing weapons
  3 tengu warriors
  2 spriggan berserkers (Swamp:4)
  3 orc high priests
  The ghost of discopopstar the Destroyer, a journeyman KoCj of Vehumet (D:11)
  14 deep elf knights
  A sixfirhy (Abyss:3)
  2 wretched stars (Abyss:3)
  A skyshark (Lair:2)
  A goliath frog (shapeshifter) (D:14)
  5 goliath frogs
  17 deep elf archers
  7 swamp dragons
  A spriggan druid (Swamp:3)
  A nameless horror (Elf:1)
  4 orc knights
  21 deep elf zephyrmancers
  3 bog bodies (Swamp:4)
  37 deep elf pyromancers
  4 lindwurms (Lair:2)
  A will-o-the-wisp (Swamp:4)
  5 orc sorcerers
  An ugly thing (D:13)
  4 manticores
  5 cyclopes
  7 elephants
  A centaur zombie (D:11)
  2 spectral centaurs (D:11)
  4 black mambas
  A slime creature (D:15)
  2 gargoyles
  2 torpor snails
  8 cane toads
  2 unseen horrors
  An orange demon (Abyss:3)
  5 komodo dragons
  3 rime drakes
  An efreet (D:15)
  A tengu conjurer (D:14)
  6 tyrant leeches
  A troll (shapeshifter) (D:14)
  9 hornets
  A bloated husk (Swamp:2)
  2 hellwings (Abyss:3)
  8 polar bears
  2 tarantellas (shapeshifter) (D:14)
  5 trolls
  3 raiju (Abyss:3)
  9 blink frogs
  Grinder (D:6)
  A centaur simulacrum (D:11)
  A dream sheep (Lair:5)
  15 spriggans
  4 wraiths
  6 air elementals
  A flying skull (Abyss:3)
  5 shadows
  17 yaks
  A vampire (D:12)
  2 water elementals (Elf:2)
  2 basilisks
  3 starcursed masses (Abyss:3)
  5 wyverns
  A fire elemental (Elf:2)
  A steam dragon (D:6)
  2 hogs (D:15)
  2 large abominations (Abyss:3)
  7 vampire mosquitoes
  3 nagas (Lair:3)
  3 wargs (Orc:2)
  14 swamp worms
  9 water moccasins
  2 acid dragons (D:9)
  8 swamp drakes (Swamp:4)
  A meliai simulacrum (D:14)
  32 orc warriors
  2 ice beasts
  6 black bears
  6 ogres
  25 wolves
  5 boggarts (Lair:5)
  20 centaurs
  A phantom (D:5)
  5 kobold brigands
  Blork the orc (D:6)
  7 bullfrogs
  3 gnoll sergeants
  4 scorpions
  5 earth elementals
  A hornet simulacrum (D:14)
  9 wights (D:9)
  6 killer bees (D:11)
  6 howler monkeys
  7 electric eels
  2 jellies (D:5)
  3 lava snakes (Lair:3)
  A gnoll bouda (D:5)
  11 orc priests
  A sleepcap (D:8)
  4 hounds
  A small abomination (Abyss:3)
  Terence (D:2)
  4 iguanas
  Natasha (thrice) (D:2)
  26 orc wizards
  4 adders
  19 gnolls
  2 shadow imps
  A white imp (D:8)
  An ufetubus (D:4)
  2 dart slugs
  65 orcs
  10 ball pythons
  10 bats
  8 endoplasms
  3 giant cockroaches
  8 goblins
  4 hobgoblins (D:1)
  5 jackals
  5 quokkas
  3 frilled lizards (D:1)
  22 kobolds
  5 rats (D:2)
861 creatures vanquished.

Vanquished Creatures (collateral kills)
  A deep elf sorcerer (Elf:3)
  Aizul (Swamp:1)
  2 deep elf elementalists (Elf:3)
  A deep elf high priest (Elf:3)
  A hydra (Swamp:4)
  An alligator (Swamp:2)
  3 dancing weapons
  An orc high priest (Orc:2)
  2 deep elf knights
  Sonja (D:10)
  2 deep elf archers
  A deep elf zephyrmancer (Elf:2)
  A deep elf pyromancer (Elf:3)
  A nameless horror (Swamp:1)
  A torpor snail (shapeshifter) (Elf:2)
  A smoke demon (Abyss:3)
  2 hellwings (Abyss:3)
  A large abomination (Abyss:3)
  A hornet (Swamp:4)
  A raiju (Abyss:3)
  3 slime creatures
  2 flying skulls (Abyss:3)
  2 ynoxinuls (Abyss:3)
  2 hogs (D:15)
  A chaos spawn (Abyss:3)
  A warg (Orc:1)
  2 swamp drakes (Swamp:4)
  4 orc warriors (Orc:2)
  An orc priest (Orc:2)
  3 starcursed masses (Abyss:3)
  An iron imp (Abyss:3)
  A white imp (Abyss:3)
  2 orcs
  8 briar patches (Swamp:2)
59 creatures vanquished.

Vanquished Creatures (others)
  An alligator (Swamp:2)
  A deep elf pyromancer (Elf:2)
  3 bloated husks
  A hornet (Swamp:4)
  A hog (D:15)
  A swamp worm (Swamp:2)
  An orc (D:15)
  4 bushes (Lair:3)
  4 foxfires (Swamp:4)
  51 fungi
  55 plants
  A snaplasher vine (Swamp:1)
  4 withered plants (D:2)
128 creatures vanquished.

Grand Total: 1048 creatures vanquished

Notes
Turn   | Place    | Note
-------+----------+-------------------------------------------
     0 | D:1      | Fartwhistle the Gnoll Hunter began the quest for the Orb.
     0 | D:1      | Reached XP level 1. HP: 20/20 MP: 1/1
    54 | D:1      | Reached XP level 2. HP: 26/26 MP: 2/2
   459 | D:1      | Reached XP level 3. HP: 31/31 MP: 3/3
   735 | D:1      | Reached skill level 1 in Invocations
   834 | D:2      | Noticed Natasha
   840 | D:2      | Killed Natasha
   841 | D:2      | Reached skill level 1 in Short Blades
   841 | D:2      | Reached skill level 1 in Long Blades
   841 | D:2      | Reached skill level 1 in Axes
   841 | D:2      | Reached skill level 1 in Maces & Flails
   841 | D:2      | Reached skill level 1 in Polearms
   841 | D:2      | Reached skill level 1 in Staves
   841 | D:2      | Reached skill level 1 in Throwing
   841 | D:2      | Reached skill level 1 in Armour
   841 | D:2      | Reached skill level 1 in Shields
   841 | D:2      | Reached skill level 1 in Unarmed Combat
   841 | D:2      | Reached skill level 1 in Spellcasting
   841 | D:2      | Reached skill level 1 in Evocations
   841 | D:2      | Reached XP level 4. HP: 36/38 MP: 5/5
   869 | D:2      | Noticed Terence
   877 | D:2      | Killed Terence
   878 | D:2      | Reached skill level 1 in Conjurations
   878 | D:2      | Reached skill level 1 in Hexes
   878 | D:2      | Reached skill level 1 in Summonings
   878 | D:2      | Reached skill level 1 in Necromancy
   878 | D:2      | Reached skill level 1 in Translocations
   878 | D:2      | Reached skill level 1 in Transmutations
   878 | D:2      | Reached skill level 1 in Fire Magic
   878 | D:2      | Reached skill level 1 in Ice Magic
   878 | D:2      | Reached skill level 1 in Air Magic
   878 | D:2      | Reached skill level 1 in Earth Magic
   878 | D:2      | Reached skill level 1 in Poison Magic
   897 | D:2      | Noticed Natasha
   909 | D:2      | Killed Natasha
   910 | D:2      | Reached XP level 5. HP: 31/43 MP: 5/7
   910 | D:2      | Noticed Natasha
   913 | D:2      | Killed Natasha
  1103 | D:2      | Found a faded altar of an unknown god.
  1990 | D:4      | Noticed a black bear
  2073 | D:4      | Found a sacrificial altar of Ru.
  2146 | D:4      | Reached skill level 5 in Fighting
  2146 | D:4      | Reached skill level 5 in Dodging
  2146 | D:4      | Reached XP level 6. HP: 18/51 MP: 8/8
  2274 | D:4      | Learned a level 2 spell: Blink
  2384 | D:4      | Killed a black bear
  2610 | D:4      | Noticed an orc warrior
  2621 | D:4      | Killed an orc warrior
  2622 | D:4      | Reached XP level 7. HP: 51/56 MP: 10/10
  2638 | D:4      | Found a bloodstained altar of Trog.
  2658 | D:4      | Found a shimmering blue altar of Sif Muna.
  2662 | D:4      | Got Sif Muna's Omnibus of Conduction
  3156 | D:5      | Entered Level 5 of the Dungeon
  3229 | D:5      | Reached skill level 9 in Ranged Weapons
  3386 | D:5      | Found a blossoming altar of Fedhas.
  3659 | D:5      | Reached XP level 8. HP: 52/63 MP: 12/12
  3891 | D:5      | Found a staircase to the Ecumenical Temple.
  3903 | Temple   | Entered the Ecumenical Temple
  3912 | Temple   | Became a worshipper of the Shining One
  4078 | D:5      | Noticed a two-headed ogre
  4180 | D:5      | Killed a two-headed ogre
  4299 | D:5      | Reached XP level 9. HP: 69/69 MP: 14/14
  4356 | D:5      | Found an opulent altar of Gozag.
  4556 | D:6      | Found an ornate altar of the Wu Jian Council.
  4557 | D:6      | Found an ancient bone altar of Kikubaaqudgha.
  4601 | D:6      | Noticed Blork the orc
  4622 | D:6      | Killed Blork the orc
  4646 | D:6      | Found a shadowy altar of Dithmenos.
  4715 | D:6      | Noticed Grinder
  4725 | D:6      | Killed Grinder
  5035 | D:6      | Reached skill level 5 in Stealth
  5208 | D:7      | Found a burning altar of Makhleb.
  5244 | D:7      | Found a broken altar of Ashenzari.
  5417 | D:7      | Found a sparkling altar of Nemelex Xobeh.
  5573 | D:7      | Reached skill level 5 in Invocations
  6269 | D:8      | Noticed a two-headed ogre
  6284 | D:8      | Killed a two-headed ogre
  6285 | D:8      | Reached skill level 5 in Short Blades
  6285 | D:8      | Reached skill level 5 in Long Blades
  6285 | D:8      | Reached skill level 5 in Axes
  6285 | D:8      | Reached skill level 5 in Maces & Flails
  6285 | D:8      | Reached skill level 5 in Polearms
  6285 | D:8      | Reached skill level 5 in Staves
  6285 | D:8      | Reached skill level 5 in Throwing
  6285 | D:8      | Reached skill level 5 in Armour
  6285 | D:8      | Reached skill level 5 in Shields
  6285 | D:8      | Reached skill level 5 in Unarmed Combat
  6285 | D:8      | Reached skill level 5 in Spellcasting
  6285 | D:8      | Reached skill level 5 in Evocations
  6285 | D:8      | Reached XP level 10. HP: 77/77 MP: 15/17
  6350 | D:8      | Reached skill level 10 in Ranged Weapons
  6673 | D:9      | Found a flagged portal.
  6686 | Bailey   | Entered a bailey
  7035 | Bailey   | Found an iron altar of Okawaru.
  7285 | D:9      | Reached * piety under the Shining One
  7498 | D:8      | Learned a level 3 spell: Vhi's Electric Charge
  8515 | D:10     | Entered Level 10 of the Dungeon
  8758 | D:10     | Learned a level 3 spell: Tukima's Dance
  8797 | D:10     | Noticed Sonja
  8819 | D:10     | Killed Sonja
  8836 | D:10     | Noticed Erica
  8861 | D:11     | Reached skill level 5 in Conjurations
  8861 | D:11     | Reached skill level 5 in Hexes
  8861 | D:11     | Reached skill level 5 in Summonings
  8861 | D:11     | Reached skill level 5 in Necromancy
  8861 | D:11     | Reached skill level 5 in Translocations
  8861 | D:11     | Reached skill level 5 in Transmutations
  8861 | D:11     | Reached skill level 5 in Fire Magic
  8861 | D:11     | Reached skill level 5 in Ice Magic
  8861 | D:11     | Reached skill level 5 in Air Magic
  8861 | D:11     | Reached skill level 5 in Earth Magic
  8861 | D:11     | Reached skill level 5 in Poison Magic
  8953 | D:11     | Reached XP level 11. HP: 85/85 MP: 20/20
  9237 | D:11     | Reached ** piety under the Shining One
  9514 | D:11     | Found a runed translucent gate.
  9515 | D:11     | Found a runed translucent gate.
  9516 | D:11     | Found a runed translucent gate.
  9518 | D:11     | Noticed discopopstar's ghost (journeyman KoCj)
 10545 | D:10     | Noticed a moth of wrath
 10546 | D:10     | Reached *** piety under the Shining One
 10552 | D:10     | Found a transporter.
 10552 | D:10     | Noticed TrebMcFLY's ghost (journeyman TrGl)
 10655 | D:10     | Identified the +0 dagger "Killer Bee's Curse" {flame, rF+
                  | rN+ Int+2}
 10731 | D:10     | Found a staircase to the Lair.
 10829 | D:10     | Found a transporter.
 10831 | D:10     | Noticed a wolf spider
 10980 | D:10     | Noticed Josephine
 10984 | D:10     | Killed Josephine
 11083 | D:10     | Found a basalt altar of Yredelemnul.
 11204 | D:10     | Killed Erica
 11354 | D:11     | Noticed a manticore
 11367 | D:11     | Killed a manticore
 11478 | D:11     | Noticed a boulder beetle
 11499 | D:11     | Killed a boulder beetle
 11500 | D:11     | Reached skill level 11 in Ranged Weapons
 11649 | D:11     | Found a staircase to the Orcish Mines.
 12300 | D:12     | Noticed a cyclops
 12312 | D:12     | Killed a cyclops
 12313 | D:12     | Reached XP level 12. HP: 76/94 MP: 22/22
 12422 | Lair:1   | Entered Level 1 of the Lair of Beasts
 12652 | Lair:1   | Noticed Fannar
 12818 | Lair:1   | Killed Fannar
 13259 | Lair:1   | Noticed a death yak
 13281 | Lair:1   | Noticed a death yak
 13861 | Lair:1   | Killed a death yak
 13872 | Lair:1   | Killed a death yak
 14880 | Lair:2   | Noticed a skyshark
 14887 | Lair:2   | Killed a skyshark
 15091 | Lair:2   | Found a staircase to the Swamp.
 15830 | Lair:2   | Found the Hermit's Pendant {Faith Invo=14 Evo=0 MP+5}
 16040 | Lair:2   | Identified the +2 dagger "Mejameick" {pain, rN+}
 16460 | Lair:3   | Reached XP level 13. HP: 22/101 MP: 4/25
 17098 | Lair:3   | Found a staircase to the Snake Pit.
 17730 | Lair:4   | Found a staircase to the Slime Pits.
 18061 | Lair:4   | Reached skill level 12 in Ranged Weapons
 18407 | Lair:5   | Entered Level 5 of the Lair of Beasts
 18429 | Lair:5   | Paralysed by a hornet for 2 turns
 18429 | Lair:5   | Reached **** piety under the Shining One
 18814 | Lair:5   | Reached skill level 10 in Fighting
 18814 | Lair:5   | Reached skill level 10 in Dodging
 18905 | Lair:5   | Identified the ring of Edaraejo {rC- EV+5 Str+7}
 19102 | Lair:5   | Paralysed by a hornet for 3 turns
 19107 | Lair:5   | Paralysed by a hornet for 1 turns
 19622 | Lair:5   | Reached XP level 14. HP: 110/110 MP: 27/27
 19645 | Lair:5   | Reached skill level 10 in Invocations
 19972 | Lair:5   | Found a blossoming altar of Fedhas.
 20522 | Lair:5   | Learned a level 4 spell: Sticky Flame
 20846 | D:11     | Killed discopopstar's ghost
 22197 | D:13     | Reached ***** piety under the Shining One
 22433 | D:13     | Reached skill level 10 in Stealth
 23112 | D:13     | Found a shimmering blue altar of Sif Muna.
 23248 | D:13     | Identified the +8 tower shield of Loanaykya {rCorr}
 24154 | D:14     | Identified the +11 whip "Nisar" {freeze, Str+4}
 24161 | D:14     | Reached skill level 10 in Short Blades
 24161 | D:14     | Reached skill level 10 in Long Blades
 24161 | D:14     | Reached skill level 10 in Axes
 24161 | D:14     | Reached skill level 10 in Maces & Flails
 24161 | D:14     | Reached skill level 10 in Polearms
 24161 | D:14     | Reached skill level 10 in Staves
 24161 | D:14     | Reached skill level 13 in Ranged Weapons
 24161 | D:14     | Reached skill level 10 in Throwing
 24161 | D:14     | Reached skill level 10 in Armour
 24161 | D:14     | Reached skill level 10 in Shields
 24161 | D:14     | Reached skill level 10 in Unarmed Combat
 24161 | D:14     | Reached skill level 10 in Spellcasting
 24161 | D:14     | Reached skill level 10 in Evocations
 24161 | D:14     | Reached XP level 15. HP: 118/118 MP: 27/29
 24168 | D:14     | Learned a level 5 spell: Summon Forest
 24538 | D:14     | Found a gate to the Vaults.
 24826 | D:15     | Entered Level 15 of the Dungeon
 24853 | D:15     | Reached XP level 16. HP: 125/125 MP: 30/30
 24854 | D:15     | Noticed Kirke
 24865 | D:15     | Noticed a sphinx
 24866 | D:15     | Killed Kirke
 24987 | D:15     | Found a staircase to the Depths.
 25722 | Orc:1    | Entered Level 1 of the Orcish Mines
 25844 | Orc:2    | Entered Level 2 of the Orcish Mines
 26236 | Orc:2    | Found Xeze's Antique Armour Shoppe.
 26339 | Orc:2    | Found Her Diso's Antique Weapon Emporium.
 26350 | Orc:2    | Paralysed by an orc sorcerer for 3 turns
 26673 | Orc:2    | Found Mano's General Store.
 26782 | Orc:2    | Found a burning altar of Makhleb.
 26782 | Orc:2    | Found a staircase to the Elven Halls.
 26808 | Orc:2    | Found Qiogouno's Jewellery Shoppe.
 27508 | Swamp:1  | Entered Level 1 of the Swamp
 27509 | Swamp:1  | Identified a scroll of acquirement
 27509 | Swamp:1  | Acquired 1001 gold pieces
 27718 | Swamp:1  | Noticed a tentacled monstrosity
 27727 | Swamp:1  | Killed a tentacled monstrosity
 28196 | Swamp:1  | You fall into a shaft and drop 1 floor!
 28198 | Swamp:2  | Noticed Louise
 28385 | Swamp:2  | Noticed a thorn hunter
 28486 | Abyss:3  | Cast into level 3 of the Abyss (Louise)
 28629 | Abyss:3  | Reached ****** piety under the Shining One
 28683 | Swamp:1  | Escaped the Abyss
 28694 | Swamp:1  | Killed Louise
 28860 | Swamp:2  | Noticed Aizul
 29181 | Swamp:1  | Killed Aizul
 29768 | Swamp:2  | Killed a thorn hunter
 29996 | Swamp:2  | Reached XP level 17. HP: 133/133 MP: 32/32
 30980 | Swamp:3  | Learned a level 6 spell: Summon Cactus Giant
 31012 | Swamp:3  | Reached skill level 14 in Ranged Weapons
 31709 | Swamp:4  | Entered Level 4 of the Swamp
 32843 | Swamp:4  | Reached skill level 10 in Conjurations
 32843 | Swamp:4  | Reached skill level 10 in Hexes
 32843 | Swamp:4  | Reached skill level 10 in Summonings
 32843 | Swamp:4  | Reached skill level 10 in Necromancy
 32843 | Swamp:4  | Reached skill level 10 in Translocations
 32843 | Swamp:4  | Reached skill level 10 in Transmutations
 32843 | Swamp:4  | Reached skill level 10 in Fire Magic
 32843 | Swamp:4  | Reached skill level 10 in Ice Magic
 32843 | Swamp:4  | Reached skill level 10 in Air Magic
 32843 | Swamp:4  | Reached skill level 10 in Earth Magic
 32843 | Swamp:4  | Reached skill level 10 in Poison Magic
 33573 | Swamp:4  | Found a runed translucent door.
 33574 | Swamp:4  | Found a shimmering altar of Xom.
 33575 | Swamp:4  | Noticed Reucirus's ghost (adept GnSk)
 33691 | Swamp:4  | Got a decaying rune of Zot
 33823 | Swamp:4  | Killed Reucirus's ghost
 33833 | Swamp:4  | Identified the ring of Luq Qyj {Will+ Int+4}
 33994 | Swamp:4  | Learned a level 6 spell: Eringya's Noxious Bog
 34237 | Elf:1    | Entered Level 1 of the Elven Halls
 34545 | Orc:2    | Bought a +2 robe of resistance for 527 gold pieces
 34687 | Elf:1    | HP: 4/135 [+2 dire flail of protection (21)]
 34692 | Orc:2    | HP: 2/135 [+2 dire flail of protection (21)]
 35085 | Elf:1    | Reached XP level 18. HP: 131/142 MP: 32/34
 35844 | Elf:1    | Identified the +0 ring mail of Too Many Cooks {rPois rCorr
                  | Str+4 Int-4}
 35964 | Elf:1    | Identified the +1 helmet "Homuizi" {rPois rC+ Regen+}
 36613 | Elf:1    | Found Dudent's Jewellery Emporium.
 36616 | Elf:1    | Found Voigouj's Book Shop.
 36617 | Elf:1    | Found Koezxuja's Jewellery Emporium.
 36627 | Elf:1    | Bought the brooch of Shielding {Spirit SH+8} for 910 gold
                  | pieces
 36627 | Elf:1    | Found the brooch of Shielding {Spirit SH+8}
 37183 | Elf:2    | Found Keplydyi's Jewellery Shop.
 37189 | Elf:2    | Identified the ring of Baicryg {Ice rElec rCorr MP-9
                  | Stlth+}
 37237 | Elf:2    | Found Kegyd's General Store.
 37246 | Elf:2    | Bought a scroll of teleportation for 60 gold pieces
 37246 | Elf:2    | Bought a scroll of teleportation for 60 gold pieces
 37266 | Elf:2    | Found Loliod's Magic Scroll Emporium.
 37277 | Elf:2    | Bought a scroll of enchant armour for 142 gold pieces
 37277 | Elf:2    | Bought a scroll of teleportation for 57 gold pieces
 37277 | Elf:2    | Bought a scroll of blinking for 142 gold pieces
 37375 | Elf:2    | Paralysed by an air elemental for 1 turns
 37378 | Elf:2    | Paralysed by an air elemental for 1 turns
 37383 | Elf:2    | Paralysed by an air elemental for 1 turns
 37624 | Elf:2    | Reached skill level 15 in Ranged Weapons
 37934 | Elf:2    | Paralysed by an air elemental for 1 turns
 37989 | Elf:2    | Found a runed translucent gate.
 37989 | Elf:2    | Found a runed translucent gate.
 37990 | Elf:2    | Found a runed translucent gate.
 38041 | Elf:2    | Paralysed by an air elemental for 1 turns
 38224 | Elf:2    | Found Eqepnid's Antique Weapon Emporium.
 38340 | Elf:2    | Found Fanea's Jewellery Shop.
 38348 | Elf:2    | Bought the ring "Guckiqac" {rElec rC+ rN+ Str+6 Slay+2} for
                  | 974 gold pieces
 38350 | Elf:2    | Bought the amulet "Wuatydej" {Reflect rN+ SH+5} for 576
                  | gold pieces
 39519 | Elf:3    | Entered Level 3 of the Elven Halls
 39823 | Elf:3    | Reached XP level 19. HP: 151/151 MP: 35/35
 39959 | Elf:3    | Found Muozxo's Book Emporium.
 39962 | Elf:3    | Bought the Tractate on Rotting Places for 646 gold pieces
 40702 | Elf:3    | Found Pamussiy's General Store.
 40717 | Elf:3    | Found Zismaes's Antique Weapon Boutique.
 40805 | Elf:3    | Bought an ancient spear for 216 gold pieces
 40805 | Elf:3    | Identified the +4 spear of Sywaoma {speed, *Rage rF+ rC+
                  | rCorr} (You bought it in a shop on level 3 of the Elven
                  | Halls)
 40862 | Elf:3    | Noticed a Tzitzimitl
 40901 | Elf:3    | Noticed a Tzitzimitl
 41089 | Elf:3    | Bought a potion of curing for 42 gold pieces
 41089 | Elf:3    | Bought a scroll of magic mapping for 105 gold pieces
 41408 | Elf:3    | Found Nezxom's Antique Armour Shoppe.
 41412 | Elf:3    | Bought a steaming helmet for 304 gold pieces
 41412 | Elf:3    | Identified the +0 helmet "Usuuryj" {rElec Will- Int+4
                  | Stlth+} (You bought it in a shop on level 3 of the Elven
                  | Halls)
 41519 | Elf:3    | Gained mutation: Armour fits poorly on your strangely
                  | shaped body. [a cacodemon]
 41536 | Elf:3    | Noticed an Ice Fiend
 41685 | Elf:3    | Lost mutation: Armour fits poorly on your strangely shaped
                  | body. [potion of mutation]
 41685 | Elf:3    | Gained mutation: You sometimes lose your temper in combat.
                  | [potion of mutation]
 41685 | Elf:3    | Gained mutation: Your mind is acute. (Int +4, Str/Dex -1)
                  | [potion of mutation]
 41685 | Elf:3    | Gained mutation: You are clumsy. (Dex -2) [potion of
                  | mutation]
 41686 | Elf:3    | Lost mutation: Your mind is acute. (Int +4, Str/Dex -1)
                  | [potion of mutation]
 41686 | Elf:3    | Lost mutation: You are clumsy. (Dex -2) [potion of
                  | mutation]
 41686 | Elf:3    | Gained mutation: You have supernaturally acute eyesight.
                  | (SInv) [potion of mutation]
 41686 | Elf:3    | Gained mutation: You occasionally lose the ability to drink
                  | potions when taking damage. [potion of mutation]
 41686 | Elf:3    | Lost mutation: You sometimes lose your temper in combat.
                  | [potion of mutation]
 41686 | Elf:3    | Gained mutation: Your muscles are strong. (Str +4, Int/Dex
                  | -1) [potion of mutation]
 41687 | Elf:3    | Lost mutation: Your muscles are strong. (Str +4, Int/Dex
                  | -1) [potion of mutation]
 41687 | Elf:3    | Lost mutation: You have supernaturally acute eyesight.
                  | (SInv) [potion of mutation]
 41687 | Elf:3    | Gained mutation: You have sharp fingernails. [potion of
                  | mutation]
 41687 | Elf:3    | Gained mutation: You have hidden genetic potential. [potion
                  | of mutation]
 41687 | Elf:3    | Gained mutation: You are partially covered in large bone
                  | plates. (SH +4) [potion of mutation]
 41687 | Elf:3    | Gained mutation: Your flesh is cold resistant. (rC+)
                  | [potion of mutation]
 41744 | Elf:3    | Identified the +2 buckler of Terror {Rampage rF+ Str+3}
 41832 | Elf:3    | Identified the +4 robe of the Slorg {Int+2}
 42126 | Elf:3    | Identified the +6 dagger of Tomoq {freeze, rElec Str-2
                  | Int+3}
 42205 | Elf:3    | Identified the +5 rapier of Sij Zite {flame, MP+9 Int+3}
 42532 | Elf:3    | Identified the +1 robe of Impressiveness {+Blink rPois rC+
                  | Dex+2}
 42744 | Elf:3    | HP: 5/151 [deep elf annihilator/poison arrow (34)]
 42745 | Elf:3    | HP: 2/151 [poisoned by a deep elf annihilator (poison
                  | arrow)]
 42746 | Elf:3    | Succumbed to a deep elf annihilator's poison arrow

Illustrated notes

Levels and vault maps discovered:
D:1:      dpeg_arrival_lava_temple_mockup, layout_rooms, serial_rivers,
          chequers_serial_rivers_marsh, chequers_serial_rivers_micro_a,
          chequers_serial_rivers_large_b, chequers_serial_rivers_small_3,
          minmay_misc_feat_more_columns, minmay_hedge_maze, minmay_quantized
D:2:      layout_rooms, shapermc_ecumenical_altar_flowoftime,
          minmay_tetromino_o4, uniq_terence, uniq_natasha
D:3:      layout_rooms
D:4:      layout_basic, nzn_overflow_gifts_of_might_and_magic,
          nicolae_ru_awakened_eye
D:5:      layout_basic, grunt_gozag_breadcrumbs, mainiacjoe_overflow_alcove_1,
          minmay_temple_entry_gardened_gates
D:6:      layout_basic, mainiacjoe_overflow_small_starburst,
          jmf_multi_god_temple, uniq_grinder, uniq_blork_the_orc
D:7:      layout_basic, mainiacjoe_overflow_six_doors_small,
          overflow_temple_1_default, mainiacjoe_overflow_concentric_impassable
D:8:      layout_basic, kennysheep_path_1, solitary_fountain
D:9:      layout_stronghold, enter_bailey_3
D:10:     layout_irregular_city, lemuel_coloured_pillars_altar,
          grunt_lair_entry_orc_guard_hut, gammafunk_ghost_berserking_beasts,
          uniq_sonja, uniq_erica, uniq_josephine
D:11:     layout_loops_corners, david_orc_4, gammafunk_ghost_necromancy,
          grunt_ministairs_14
D:12:     layout_stronghold, kennysheep_generic_room_10
D:13:     layout_grid_maze, gauntlet_entry_generic, led_sif_book
D:14:     layout_roguey, david_vaults_2, chequers_serial_rivers_micro_b
D:15:     grunt_enter_depths_giant_problem, layout_rooms, minmay_fountain_box,
          uniq_kirke
Temple:   hellmonk_temple_micro_hex
Lair:1:   layout_cave_pods, serial_bayou_shore_a, serial_bayou_shore_b,
          serial_bayou_shore_b, lemuel_fruit_fields, grunt_megastairs_2,
          uniq_fannar
Lair:2:   layout_layer_cave, swamp_mist_pool, minmay_lindwurm_lava,
          infiniplex_staircase_pool
Lair:3:   layout_loops_ring, nicolae_snake_entry_squirm, serial_forest,
          infiniplex_forest_end_2, infiniplex_forest_lined_ring,
          infiniplex_forest_3_way, infiniplex_forest_corner_2,
          infiniplex_forest_end_1, infiniplex_forest_clump_long,
          nicolae_lair_liquid_snakes
Lair:4:   layout_cave_pods, slime_entry_1
Lair:5:   minmay_lair_end_enchanted_forest, layout_gridlike, basic_altar,
          serial_bayou_ford_a, nicolae_quartered_pool_impasse
Swamp:1:  layout_basic_swamp, serial_swamp_ruin, evilmike_swamp_ruin_house_2,
          evilmike_swamp_ruin_house_3
Swamp:2:  layout_falls_marsh, nicolae_swamp_fairy_circle, uniq_louise,
          uniq_aizul
Swamp:3:  layout_basic_swamp, evilmike_swamp_ruin_house_1, swamp_pool4,
          infiniplex_staircase_pool_2
Swamp:4:  swamp_basic_johnstein, layout_basic_swamp, ebering_ghost_xom
Orc:1:    layout_diamond_mine
Orc:2:    grunt_orc_gardens, layout_diamond_mine, grunt_orc_garden,
          grunt_orc_garden, grunt_orc_garden, grunt_orc_garden, basic_altar
Elf:1:    minmay_elf_arrival_summoners, layout_loops_corners,
          kennysheep_underground_church, minmay_shop_grove
Elf:2:    elven_hall_of_blades_hangedman_original
          [nicolae_blade_entry_diamond_columns], layout_loops_corners,
          serial_shops, nicolae_stop_n_shop_2, nicolae_shop_tiny_statue_garden,
          shop, nicolae_shop_trees, shop
Elf:3:    elf_hall_gauntlet_wide, layout_gridlike, serial_shops,
          nicolae_shop_back_alley_shop, nicolae_diamond_shop, shop,
          nicolae_shop_waterfront, uniq_donald

Skill      XL: |  1  2  3  4  5  6  7  8  9 10 11 12 13 14 15 16 17 18 19 |
---------------+----------------------------------------------------------+-----
Invocations    | 1 2 3 4 5 6 7 8 9 11 12 13 14 | 14.3
Short Blades   | 1 2 3 5 6 7 8 9 10 11 12 13 | 13.2
Long Blades    | 1 2 3 5 6 7 8 9 10 11 12 13 | 13.2
Axes           | 1 2 3 5 6 7 8 9 10 11 12 13 | 13.2
Maces & Flails | 1 2 3 5 6 7 8 9 10 11 12 13 | 13.2
Polearms       | 1 2 3 5 6 7 8 9 10 11 12 13 | 13.2
Staves         | 1 2 3 5 6 7 8 9 10 11 12 13 | 13.2
Throwing       | 1 2 3 5 6 7 8 9 10 11 12 13 | 13.2
Armour         | 1 2 3 5 6 7 8 9 10 11 12 13 | 13.2
Shields        | 1 2 3 5 6 7 8 9 10 11 12 13 | 13.2
Unarmed Combat | 1 2 3 5 6 7 8 9 10 11 12 13 | 13.2
Spellcasting   | 1 2 3 5 6 7 8 9 10 11 12 13 | 13.2
Evocations     | 1 2 3 5 6 7 8 9 10 11 12 13 | 13.2
Conjurations   | 1 2 3 4 5 6 7 8 9 10 11 | 11.2
Hexes          | 1 2 3 4 5 6 7 8 9 10 11 | 11.2
Summonings     | 1 2 3 4 5 6 7 8 9 10 11 | 11.2
Necromancy     | 1 2 3 4 5 6 7 8 9 10 11 | 11.2
Translocations | 1 2 3 4 5 6 7 8 9 10 11 | 11.2
Transmutations | 1 2 3 4 5 6 7 8 9 10 11 | 11.2
Fire Magic     | 1 2 3 4 5 6 7 8 9 10 11 | 11.2
Ice Magic      | 1 2 3 4 5 6 7 8 9 10 11 | 11.2
Air Magic      | 1 2 3 4 5 6 7 8 9 10 11 | 11.2
Earth Magic    | 1 2 3 4 5 6 7 8 9 10 11 | 11.2
Poison Magic   | 1 2 3 4 5 6 7 8 9 10 11 | 11.2
Fighting       | 5 6 7 8 9 10 11 12 13 | 13.9
Dodging        | 5 6 7 8 9 10 11 12 13 | 13.9
Stealth        | 3 4 5 6 7 8 9 10 11 12 13 | 13.4
Ranged Weapons | 9 10 11 12 13 14 15 | 15.4

Action                     |  1- 3 |  4- 6 |  7- 9 | 10-12 | 13-15 | 16-18 | 19-21 || total
---------------------------+-------+-------+-------+-------+-------+-------+-------++-------
  Melee: Unarmed           |       |       |     9 |       |       |       |       ||     9
         Halberd           |       |       |       |    88 |       |       |       ||    88
         Shortbow          |       |       |       |     1 |       |       |       ||     1
         Bite              |       |       |       |    18 |     1 |     9 |     6 ||    34
         Whip              |       |       |       |       |    17 |    59 |    18 ||    94
         Punch             |       |       |       |       |       |     7 |     2 ||     9
   Fire: Shortbow          |    65 |   175 |   285 |   445 |       |       |       ||   970
         Arbalest          |       |       |       |   346 |   589 |  1209 |   141 ||  2285
  Throw: Dart              |       |       |     2 |     2 |       |       |       ||     4
   Cast: Tukima's Dance    |       |       |       |     2 |       |       |       ||     2
         Blink             |       |       |       |     1 |       |       |       ||     1
         Vhi's Electric Ch |       |       |       |     1 |       |       |       ||     1
         Summon Forest     |       |       |       |       |       |    13 |     1 ||    14
         Summon Cactus Gia |       |       |       |       |       |     1 |     5 ||     6
         Eringya's Noxious |       |       |       |       |       |     2 |     3 ||     5
 Invoke: Cleansing Flame   |       |       |       |     1 |     2 |     5 |       ||     8
         Divine Shield     |       |       |       |     1 |       |       |       ||     1
         Summon Divine War |       |       |       |       |     1 |     8 |     3 ||    12
  Evoke: Wand              |       |     1 |     4 |    22 |     4 |     6 |     2 ||    39
         Box of beasts     |       |       |       |       |       |     1 |       ||     1
    Use: Scroll            |       |     4 |     3 |    15 |    11 |    24 |     2 ||    59
         Potion            |       |       |       |     5 |     3 |    20 |     5 ||    33
 Armour: Leather armour    |     3 |    16 |    23 |    83 |       |       |       ||   125
         Skin              |       |       |     1 |       |       |       |       ||     1
         Ring mail         |       |       |       |    91 |       |       |       ||    91
         Pearl dragon scal |       |       |       |     9 |   393 |   251 |    34 ||   687
         Swamp dragon scal |       |       |       |       |       |   114 |       ||   114
         Robe              |       |       |       |       |       |    37 |       ||    37
  Dodge: Dodged            |     4 |    42 |   104 |   564 |   438 |   789 |    39 ||  1980
  Block: Other             |       |       |       |    10 |       |    32 |    18 ||    60
         Reflection        |       |       |       |       |       |     5 |     2 ||     7
